 Dungeon Crawl Stone Soup version 0.31.0-32-g396128a36d (webtiles) character file.

Game seed: 10267580628114896650

238 cdecastro the Chiller (level 6, -5/41 HPs)
             Began as a Human Ice Elementalist on Mar 13, 2024.
             Was an Initiate of Yredelemnul.
             Killed by divine providence
             ... invoked by an orc priest
              (15 damage)
             ... on level 4 of the Dungeon.
             The game lasted 00:07:15 (3046 turns).

cdecastro the Chiller (Human Ice Elementalist)      Turns: 3046, Time: 00:07:17

Health: -5/41      AC: 12    Str:  9    XL:     6   Next: 7%
Magic:  3/9        EV: 11    Int: 17    God:    Yredelemnul [......]
Gold:   259        SH:  0    Dex: 13    Spells: 2/9 levels left

rFire   + . .        p - +1 morningstar (protect)
rCold   . . .        (no shield)
rNeg    . . .        l - +2 leather armour {rF+}
rPois   .            n - +1 helmet
rElec   .            (no cloak)
rCorr   .            (no gloves)
SInv    .            (no boots)
Will    .....        (no amulet)
Stlth   ++           (no ring)
HPRegen 0.26/turn    (no ring)
MPRegen 0.11/turn

%: no passive effects
@: ice-armoured, freezing walls
A: explore regen
a: Renounce Religion, Recall Undead Harvest


You were on level 4 of the Dungeon.
You worshipped Yredelemnul.
Yredelemnul was noncommittal.
You visited 1 branch of the dungeon, and saw 4 of its levels.

You collected 259 gold pieces.

Inventory:

Hand Weapons
 h - a +0 spear
 p - a +1 morningstar of protection (weapon)
Armour
 l - a +2 leather armour of fire resistance (worn)
 n - a +1 helmet (worn)
Talismans
 a - a serpent talisman
Scrolls
 c - 3 scrolls of teleportation {unknown}
 g - 2 scrolls of silence {unknown}
 i - 2 scrolls of fear {unknown}
 j - 5 scrolls of identify {unknown}
 k - a scroll of amnesia {unknown}
 m - 2 scrolls of noise {unknown}
 o - a scroll of torment {unknown}
 q - 2 scrolls of poison {unknown}
 s - a scroll of enchant weapon {unknown}
 t - a scroll of revelation {unknown}
Potions
 b - a potion of magic
 d - 2 potions of degeneration {unknown}
 e - a potion of attraction {unknown}
 f - 3 potions of berserk rage {unknown}
 r - a potion of heal wounds {unknown}


   Skills:
 - Level 2.0 Dodging
 - Level 2.0 Stealth
 - Level 2.0 Spellcasting
 + Level 7.1 Ice Magic


You had 2 spell levels left.
You knew the following spells:

 Your Spells              Type           Power      Damage    Failure   Level
a - Freeze                Ice            100%       1d10      1%          1
b - Frozen Ramparts       Ice            52%        1d8       4%          3
c - Ozocubu's Armour      Ice            26%        N/A       4%          3

Your spell library contained the following spells:

 Spells                   Type           Power      Damage    Failure   Level
 Ensorcelled Hibernation  Hex/Ice        26%        N/A       10%         2
 Summon Ice Beast         Ice/Summ       13%        N/A       19%         3
 Sigil of Binding         Hex            1%         N/A       63%         3
 Cause Fear               Hex            0%         N/A       95%         4
 Summon Mana Viper        Hex/Summ       1%         N/A       100%        5


Dungeon Overview and Level Annotations

Branches:
Dungeon (4/15)
 Temple: D:4-7

Altars:
Dithmenos
Yredelemnul

Shops:
D:3 [

Annotations:
D:2 Sigmund


Innate Abilities, Weirdness & Mutations

You regain HP and MP as you explore.


Message History

You're too confused to cast spells.
The orc priest zaps a wand.
The roots erupt in riotous growth!
The orc is unaffected.
The grasping roots grab you! The grasping roots constrict you.
The orc hits you but does no damage.
Unknown command.
Unknown command.
You bump into the rock wall.
The grasping roots constrict you.
* * * LOW HITPOINT WARNING * * *
The orc barely misses you.
Unknown command.
You closely miss the orc.
You feel less confused. The grasping roots constrict you.
* * * LOW HITPOINT WARNING * * *
The orc hits you with a +0 whip.
* * * LOW HITPOINT WARNING * * *
The grasping roots constrict you.
* * * LOW HITPOINT WARNING * * *
Casting: Freeze (safe; 1% risk of failure)
Confirm with . or Enter, or press ? or * to list all spells.
Casting: Frozen Ramparts (dangerous; 4% risk of failure)
Press: ? - help, Dir - look around, f - activate The walls around you are covered in ice.
The wall freezes the orc but does no damage.
The wall freezes the orc priest.
The grasping roots constrict you.
* * * LOW HITPOINT WARNING * * *
The wall freezes the orc wizard.
The grasping roots release their grip on you.
Unknown command.
Unknown command.
Unknown command.
Casting: Frozen Ramparts (dangerous; 4% risk of failure)
Confirm with . or Enter, or press ? or * to list all spells.
A film of ice covers your body!
The wall freezes the orc.
The wall freezes the orc priest.
The orc priest mumbles some strange prayers to Beogh against you.
Beogh smites you!
You die...
Your body rises from the dead as a mindless zombie.

# ##..#####.....##
##..#.#### #
##.........##### #..##.....
# ###.....###### #.###.....
# #.....#.# ######.##..####
# #..####.### #.........##
#
#.#####...######....##.###
# ##.........).)..........#
###..#######.....##...#####
##..## #####@##.....# ###
...## #o##..##.## #..
.####### ### #o##..##..#
#.# ## #..
...##oo...###.#####.## #
#.# #..#o.o...##....##.[.
#####.#
#..........##........
......#
#.............###....
......+
+...........####.....
......#
#........O..##.......


You could see an orc priest, an orc wizard and 3 orcs.

Vanquished Creatures
  A jelly (D:4)
  Natasha (thrice) (D:3)
  Robin (D:2)
  5 adders
  2 ribbon worms (D:2)
  A dart slug (D:4)
  4 orcs (D:3)
  2 endoplasms (D:1)
  A giant cockroach (D:1)
  11 goblins
  11 hobgoblins
  3 kobolds
  A quokka (D:3)
  5 ball pythons
  4 bats
  22 rats
77 creatures vanquished.

Vanquished Creatures (others)
  A goblin zombie (D:4)
1 creature vanquished.

Grand Total: 78 creatures vanquished

Notes
Turn   | Place    | Note
-------+----------+-------------------------------------------
     0 | D:1      | cdecastro the Human Ice Elementalist began the quest for
                  | the Orb.
     0 | D:1      | Reached XP level 1. HP: 13/13 MP: 3/3
   379 | D:1      | Reached XP level 2. HP: 17/19 MP: 3/5
   676 | D:2      | Noticed Robin
   860 | D:2      | Noticed Sigmund
   972 | D:2      | Reached skill level 5 in Ice Magic
   972 | D:2      | Reached XP level 3. HP: 24/24 MP: 3/6
   975 | D:2      | Identified the +1 robe "Zeuh" {^Contam rN+++ Dex+3 SInv}
  1198 | D:2      | Found a shadowy altar of Dithmenos.
  1584 | D:2      | Reached XP level 4. HP: 30/30 MP: 5/7
  1593 | D:2      | Killed Robin
  1982 | D:2      | Learned a level 3 spell: Frozen Ramparts
  1986 | D:2      | Learned a level 3 spell: Ozocubu's Armour
  2094 | D:3      | Reached skill level 6 in Ice Magic
  2213 | D:3      | Noticed Natasha
  2219 | D:3      | Killed Natasha
  2220 | D:3      | Reached XP level 5. HP: 34/35 MP: 4/8
  2258 | D:3      | Got Hibanana's Compilation of the Bewitching Chill
  2263 | D:3      | Noticed Natasha
  2270 | D:3      | Killed Natasha
  2352 | D:3      | Found Rostrot's Antique Armour Emporium.
  2477 | D:3      | Noticed Natasha
  2485 | D:3      | Killed Natasha
  2681 | D:4      | Reached skill level 7 in Ice Magic
  2681 | D:4      | Reached XP level 6. HP: 41/41 MP: 6/9
  2743 | D:4      | Found a basalt altar of Yredelemnul.
  2766 | D:4      | Became a worshipper of Yredelemnul the Dark
  3046 | D:4      | Killed from afar by an orc priest

Illustrated notes

Levels and vault maps discovered:
D:1:      dpeg_arrival_tiny_b, layout_rooms, kennysheep_doodads,
          chequers_serial_rivers_small_a
D:2:      layout_loops_ring, basic_altar, minmay_misc_feat_diagonals,
          minmay_tiny_reverse_x, uniq_sigmund, uniq_robin
D:3:      layout_rooms, serial_shops, shop, minmay_rat_hole, uniq_natasha
D:4:      layout_rooms, lemuel_doored_altar, kennysheep_mini,
          kennysheep_generic_room_7

Skill      XL: |  1  2  3  4  5 |
---------------+----------------+-----
Ice Magic      | 5 6 7 |  7.1
Dodging        | |  2.0
Stealth        | |  2.0
Spellcasting   | |  2.0

Action                     |  1- 3 |  4- 6 || total
---------------------------+-------+-------++-------
  Melee: Spear             |    32 |     6 ||    38
         Morningstar       |       |    57 ||    57
   Cast: Freeze            |    48 |    46 ||    94
         Ozocubu's Armour  |       |     1 ||     1
         Frozen Ramparts   |       |     1 ||     1
 Armour: Robe              |    28 |       ||    28
         Leather armour    |    16 |    81 ||    97
  Dodge: Dodged            |    55 |    52 ||   107
